 Dungeon Crawl Stone Soup version 0.15.1 (webtiles) character file.

613 Kashira the Stinger (level 7, 28/28 HPs)
             Began as a Felid Venom Mage on Sept 18, 2014.
             Quit the game on Level 6 of the Dungeon.
             The game lasted 00:31:20 (5685 turns).

Kashira the Stinger (Felid Venom Mage)              Turns: 5685, Time: 00:31:20

HP  28/28        AC  2     Str  3      XL: 7   Next: 20%
MP  14/22        EV 21     Int 18      God:
Gold 61          SH  0     Dex 16      Spells:  5 memorised,  2 levels left
Lives: 1, deaths: 1

rFire  . . .     SeeInvis +     (weapon unavailable)
rCold  . . .     Clarity  .     (armour unavailable)
rNeg   . . .     rCorr    .     (shield unavailable)
rPois  +         rRot     .     (helmet unavailable)
rElec  .         Spirit   .     (cloak unavailable)
SustAb .         Warding  .     (gloves unavailable)
rMut   .         Stasis   .     (boots unavailable)
Gourm  .                        (no amulet)
MR     +....                    j - ring of poison resistance
                                z - +3 ring of evasion

@: quick, somewhat resistant to hostile enchantments, fairly stealthy
A: paw claws, no armour, no weapons or thrown items, fangs 3, see invisible,
carnivore 3, speed 1, shaggy fur 2, slow metabolism 1, weak 1, jump 2
a: Jump Attack


You were on level 6 of the Dungeon.
You were not hungry.

You visited 1 branch of the dungeon, and saw 6 of its levels.

You collected 208 gold pieces.
You spent 147 gold pieces at shops.

Inventory:

Magical devices
 e - a wand of fire (5)
 r - a wand of fire (7)
Comestibles
 c - 6 meat rations
 h - 2 slices of pizza
 w - a rotting chunk of giant frog flesh
 x - a royal jelly
Scrolls
 k - a scroll of fog
 o - 4 scrolls of magic mapping
 q - a scroll of immolation {unknown}
 s - a scroll of teleportation
 t - a scroll of noise {unknown}
 u - a scroll of fear {unknown}
 y - a scroll of blinking {unknown}
Jewellery
 a - an uncursed ring of flight
 j - a ring of poison resistance (right paw)
 z - a +3 ring of evasion (left paw)
Potions
 d - a potion of might
 g - 3 potions of agility
 i - a potion of magic
 n - a potion of invisibility {unknown}
 p - a potion of heal wounds
 v - 2 potions of lignification
Books
 b - a Young Poisoner's Handbook

   Spells                             Type                      Level
   *Sting                             Conjuration/Poison           1
   *Cure Poison                       Poison                       2
   *Mephitic Cloud                    Conjuration/Poison/Air       3
   *Olgreb's Toxic Radiance           Poison                       4
   *Venom Bolt                        Conjuration/Poison           5


   Skills:
 + Level 1.5 Fighting
 + Level 3.0 Dodging
 - Level 2.6 Stealth
 + Level 0.8 Unarmed Combat
 * Level 5.7 Spellcasting
 + Level 3.0 Conjurations
 + Level 0.1 Air Magic
 * Level 6.5 Poison Magic


You had 2 spell levels left.
You knew the following spells:

 Your Spells              Type           Power        Failure   Level  Hunger
a - Sting                 Conj/Pois      ###.         1%          1    None
b - Mephitic Cloud        Conj/Pois/Air  ###.....     12%         3    ##.....
c - Cure Poison           Pois           ####......   1%          2    None
d - Olgreb's Toxic Radia  Pois           ####....     12%         4    ####...
e - Venom Bolt            Conj/Pois      ###.......   54%         5    #####..


Dungeon Overview and Level Annotations

Branches:
Dungeon (6/15)
 Temple: D:4-7

Altars:
Ashenzari
Dithmenos
Trog
Yredelemnul
The Shining One

Shops:
D:4 ?   D:5 *   D:6 [

Annotations:
D:5 Grinder


Innate Abilities, Weirdness & Mutations

You cannot wear armour.
You are incapable of wielding weapons or throwing items.
Your paws have sharp claws.
You have razor-sharp teeth.
You have supernaturally acute eyesight.
You are carnivorous and can eat meat at any time.
You cover ground quickly.
You are covered in thick fur (AC +2).
You have a slow metabolism.
You can jump attack at a medium distance.
You are weak. (Str -2)


Message History

Confirm with . or Enter, or press ? or * to list all spells.
Aiming: Sting
Press: ? - help, Shift-Dir - straight line, f/p - hound
Aim: a hound (almost dead, bewildered and confused)
The sting hits the hound.
The hound is almost dead.
Casting: Sting
Confirm with . or Enter, or press ? or * to list all spells.
Aiming: Sting
Press: ? - help, Shift-Dir - straight line, f/p - hound
Aim: a hound (noxious fumes, almost dead, bewildered and confused)
The sting misses the hound.
The hound is engulfed in noxious fumes.
The hound appears confused.
The hound is engulfed in noxious fumes.
The hound appears confused.
You kill the hound!
Drink which item? (? for menu, Esc to quit)
You feel refreshed.
Drink which item? (? for menu, Esc to quit)
Okay, then.
Are you sure you want to abandon this character and quit the game? (Confirm with "yes".)

#.#.##.<..........
#..#.####...#####
#.###......##
#..#.#######
#....##########
#...............
##...##.#####..
##.###.# #@# #.#
#.# #.# #.# #.#
#.# #.# #.# #.#
#.# #.# ... ...
#.# ###


There were no monsters in sight!

Vanquished Creatures
  Pikel (D:5)
  A sky beast (D:5)
  3 ogres
  2 giant frogs (D:6)
  A goliath beetle (D:6)
  A hound (D:6)
  The ghost of teukkam the Ruffian, a weakling TrMo (D:4)
  Ijyb (D:5)
  11 adders
  A giant mite (D:6)
  A worm (D:2)
  3 giant geckos
  2 oozes (D:2)
  2 orcs (D:3)
  10 bats
  A bat zombie (D:5)
  5 giant cockroaches
  13 goblins
  11 hobgoblins
  3 jackals
  3 ball pythons
  A giant gecko skeleton (D:3)
  A giant gecko zombie (D:6)
  8 giant newts
  12 kobolds
  11 rats
  2 ballistomycetes (D:6)
112 creatures vanquished.

Vanquished Creatures (others)
  A giant spore (D:6)
1 creature vanquished.

Grand Total: 113 creatures vanquished

Notes
Turn   | Place    | Note
--------------------------------------------------------------
     0 | D:1      | Kashira, the Felid Venom Mage, began the quest for the Orb.
     0 | D:1      | Reached XP level 1. HP: 7/7 MP: 4/4
   549 | D:1      | Reached XP level 2. HP: 11/11 MP: 1/5
   830 | D:1      | Reached skill level 4 in Poison Magic
  1413 | D:1      | Reached XP level 3. HP: 14/14 MP: 4/8
  1571 | D:2      | Learned a level 3 spell: Mephitic Cloud
  1891 | D:2      | Learned a level 2 spell: Cure Poison
  2032 | D:2      | Reached XP level 4. HP: 14/18 MP: 0/12
  2411 | D:2      | Found a basalt altar of Yredelemnul.
  2412 | D:2      | Noticed a profane servitor
  2416 | D:2      | Found a glowing golden altar of the Shining One.
  2423 | D:2      | Noticed an angel
  2738 | D:3      | Found a shattered altar of Ashenzari.
  2793 | D:3      | Reached skill level 1 in Conjurations
  3022 | D:3      | Reached XP level 5. HP: 21/21 MP: 12/14
  3094 | D:3      | Learned a level 4 spell: Olgreb's Toxic Radiance
  3498 | D:4      | Noticed teukkam's ghost (weakling TrMo)
  3503 | D:4      | Killed teukkam's ghost
  3819 | D:4      | Found Pnozierr's Magic Scroll Shop.
  3828 | D:4      | Bought a scroll of identify for 28 gold pieces
  3828 | D:4      | Bought a scroll of teleportation for 42 gold pieces
  3828 | D:4      | Bought a scroll of magic mapping for 49 gold pieces
  3828 | D:4      | Bought a scroll of identify for 28 gold pieces
  3855 | D:4      | Noticed an ogre
  3880 | D:4      | Killed an ogre
  3880 | D:4      | Reached skill level 5 in Poison Magic
  3880 | D:4      | Gained mutation: You are covered in thick fur (AC +2). [growing up]
  3880 | D:4      | Gained mutation: You can jump attack at a medium distance. [growing up]
  3880 | D:4      | Reached XP level 6. HP: 17/25 MP: 3/18
  4018 | D:5      | Entered Level 5 of the Dungeon
  4132 | D:5      | Noticed Ijyb
  4147 | D:5      | Killed Ijyb
  4249 | D:5      | Found a bloodstained altar of Trog.
  4313 | D:5      | Reached skill level 1 in Fighting
  4418 | D:5      | Found a shadowy altar of Dithmenos.
  4448 | D:5      | Noticed Pikel
  4455 | D:5      | Noticed Grinder
  4525 | D:5      | Found Ylaeczaz's Assorted Antiques.
  4713 | D:5      | Killed Pikel
  4713 | D:5      | Reached skill level 5 in Spellcasting
  4713 | D:5      | Reached skill level 6 in Poison Magic
  4713 | D:5      | Reached XP level 7. HP: 28/28 MP: 5/21
  4720 | D:5      | Learned a level 5 spell: Venom Bolt
  5214 | D:5      | Gained mutation: You are weak. (Str -2) [mutagenic glow]
  5464 | D:6      | Killed by an exploding giant spore
  5465 | D:6      | Reached XP level 6. HP: -2/25 MP: 19/20
  5571 | D:6      | Reached XP level 7. HP: 28/28 MP: 12/22
  5574 | D:6      | Found Cuazxog's Armour Boutique.
  5685 | D:6      | Quit the game

Action                   |  1- 3 |  4- 6 |  7- 9 || total
-------------------------+-------+-------+-------++-------
Melee: Unarmed           |    35 |    47 |     8 ||    90
 Cast: Sting             |    98 |   149 |    48 ||   295
       Olgreb's Toxic Ra |       |     1 |       ||     1
       Cure Poison       |       |     1 |       ||     1
       Mephitic Cloud    |       |     8 |     2 ||    10
       Venom Bolt        |       |       |     1 ||     1
Evoke: Wand              |       |     4 |       ||     4
  Use: Scroll            |       |     4 |     6 ||    10
       Potion            |       |       |     1 ||     1
 Stab: Sleeping          |       |     2 |       ||     2
  Eat: Chunk             |    10 |     3 |     5 ||    18
